[Event "Titled Tuesday Blitz May 23 Late 2023"]
[White "Milikow, Yoav"]
[Black "Kramnik, Vladimir"]
[WhiteFideId "2822237"]
[BlackFideId "4101588"]
[WhiteElo "2410"]
[BlackElo "2703"]
[Result "0-1"]
[Round "04"]
[TimeControl "180+2"]
[Date "2023.05.23"]
[WhiteClock "0:00:00"]
[BlackClock "0:00:32"]

1. d4 d5 2. c4 c6 3. Nf3 Nf6 4. g3 Bg4 5. Ne5 Bf5 6. cxd5 Qxd5 7. f3 Bxb1 8. Rxb1 Qxa2 9. Bd2 Nbd7 10. e4 Nxe5 11. dxe5 Nd7 12. Bc3 Nb6 13. Ra1 Qe6 14. h4 Qd7 15. Qb3 e6 16. Rh2 Qc7 17. Rd2 Be7 18. f4 O-O 19. Be2 Nd7 20. Rad1 Rfd8 21. Qc2 a5 22. Bg4 Nf8 23. Rxd8 Rxd8 24. Rxd8 Qxd8 25. Qa4 Qb6 26. Qxa5 Qg1+ 27. Kd2 Qxg3 28. Be2 Qxf4+ 29. Kd3 Qxh4 30. Qc7 b5 31. Qxc6 Qg3+ 32. Kc2 Qf2 33. Qxb5 h5 0-1


[Site "https://www.chess.com"]

[Event "Titled Tuesday Blitz May 23 Late 2023"]
[White "Sieciechowicz, Marcin"]
[Black "Rasulov, Vugar"]
[WhiteFideId "1130170"]
[BlackFideId "13402390"]
[WhiteElo "2302"]
[BlackElo "2509"]
[Result "0-1"]
[Round "04"]
[TimeControl "180+2"]
[Date "2023.05.23"]
[WhiteClock "0:00:00"]
[BlackClock "0:00:19"]

1. d4 Nf6 2. c4 e6 3. Nc3 Bb4 4. Qc2 O-O 5. Nf3 c5 6. dxc5 Na6 7. g3 Nxc5 8. Bg2 b6 9. O-O Bb7 10. Nb5 Nce4 11. Ng5 d5 12. Nxe4 Nxe4 13. a3 Be7 14. cxd5 exd5 15. Rd1 Rc8 16. Qb1 Qe8 17. Nd4 Bf6 18. Be3 Qa4 19. b3 Qa5 20. b4 Qa4 21. Bxe4 dxe4 22. Qb2 Rfd8 23. Rac1 h5 24. h4 Kh7 25. Kh2 Rd5 26. Rd2 Qd7 27. Rcd1 Rd8 28. Qc2 Qg4 29. Qc7 R8d7 30. Qf4 Qg6 31. Nb3 Be5 32. Qg5 Qxg5 33. Bxg5 f6 34. Rxd5 Rxd5 0-1


[Site "https://www.chess.com"]

[Event "Titled Tuesday Blitz May 23 Late 2023"]
[White "Rozman, Levy"]
[Black "Babazada, Khazar"]
[WhiteFideId "2039877"]
[BlackFideId "13413554"]
[WhiteElo "2376"]
[BlackElo "2351"]
[Result "0-1"]
[Round "04"]
[TimeControl "180+2"]
[Date "2023.05.23"]
[WhiteClock "0:00:37"]
[BlackClock "0:02:10"]

1. d4 Nf6 2. Bg5 c5 3. d5 Qb6 4. Nc3 d6 5. e4 Nbd7 6. Rb1 g6 7. Nf3 Bg7 8. Nd2 O-O 9. Nc4 Qd8 10. a4 b6 11. Be2 Ba6 12. Ne3 Bxe2 13. Qxe2 a6 14. h4 h6 15. Bxf6 exf6 16. h5 Re8 17. hxg6 fxg6 18. Qg4 Kf7 19. f4 f5 20. Nxf5 gxf5 21. Qxf5+ Kg8 22. Ne2 Nf6 23. Ng3 Qc8 24. Qg6 Qg4 25. Qxg4 Nxg4 26. Ke2 Rf8 27. Nf5 Nf6 28. Kf3 Nxe4 0-1


[Site "https://www.chess.com"]

[Event "Titled Tuesday Blitz May 23 Late 2023"]
[White "Sanal, Vahap"]
[Black "Badmatsyrenov, Oleg"]
[WhiteFideId "6300545"]
[BlackFideId "24115762"]
[WhiteElo "2606"]
[BlackElo "2396"]
[Result "0-1"]
[Round "04"]
[TimeControl "180+2"]
[Date "2023.05.23"]
[WhiteClock "0:00:37"]
[BlackClock "0:00:21"]

1. e4 c5 2. Nf3 e6 3. d4 cxd4 4. Nxd4 a6 5. Nc3 b5 6. g3 Bb7 7. Bg2 Nf6 8. O-O b4 9. Na4 Bxe4 10. Bxe4 Nxe4 11. Re1 d5 12. c4 bxc3 13. Qh5 g6 14. Qe5 Qf6 15. Rxe4 Qxe5 16. Rxe5 Bg7 17. Bf4 Nd7 18. Nxe6 Bxe5 19. Bxe5 Nxe5 20. Nc7+ Ke7 21. Nxa8 cxb2 22. Re1 Kd6 23. N8b6 Nf3+ 24. Kf1 Nxe1 25. Nxb2 Rb8 26. N6a4 Nc2 27. Ke2 Nb4 28. a3 Nc2 29. Nd3 Nxa3 30. Nac5 a5 31. Kd2 Nb5 32. Na4 h5 33. f4 Rc8 34. Ne5 Rc7 35. Nb6 Na3 36. Kd3 Nc4 37. Nexc4+ dxc4+ 38. Kc3 Kc5 39. Na4+ Kb5 40. Nb2 a4 41. Nd1 a3 42. Ne3 Rc5 43. Nc2 Ka4 44. h3 Rc8 45. g4 hxg4 46. hxg4 Rb8 47. f5 gxf5 48. gxf5 a2 49. f6 Rb1 50. Kd4 a1=Q+ 51. Nxa1 Rxa1 52. Kxc4 Re1 0-1


[Site "https://www.chess.com"]

[Event "Titled Tuesday Blitz May 23 Late 2023"]
[White "Gritsenko, Nikolai"]
[Black "Xiong, Jeffery"]
[WhiteFideId "14112493"]
[BlackFideId "2047640"]
[WhiteElo "2389"]
[BlackElo "2726"]
[Result "0-1"]
[Round "04"]
[TimeControl "180+2"]
[Date "2023.05.23"]
[WhiteClock "0:00:10"]
[BlackClock "0:00:49"]

1. b3 d5 2. Bb2 Bf5 3. Nf3 e6 4. e3 Nf6 5. Be2 h6 6. h3 Be7 7. c4 a5 8. Nc3 c6 9. d4 Nbd7 10. Bd3 O-O 11. Bxf5 exf5 12. Qd3 g6 13. g4 fxg4 14. hxg4 Nxg4 15. cxd5 cxd5 16. Nxd5 Ndf6 17. Nf4 Qe8 18. Ne5 Rd8 19. Nxg4 Nxg4 20. Qe2 Bb4+ 21. Kf1 Qe4 22. Rh4 h5 23. Rc1 Bd6 24. Ng2 Nh2+ 25. Rxh2 Bxh2 26. f3 Qe7 27. e4 h4 28. Ne3 Bf4 29. d5 Qg5 30. Rc3 Be5 31. Rc2 Rc8 32. Bxe5 Rxc2 33. Nxc2 Qxe5 34. Qf2 Rc8 35. Ne3 h3 36. Nc4 Qa1+ 37. Ke2 Qxa2+ 38. Nd2 Rc2 0-1


[Site "https://www.chess.com"]

[Event "Titled Tuesday Blitz May 23 Late 2023"]
[White "Drygalov, Sergey"]
[Black "Simonian, Hrair"]
[WhiteFideId "24171743"]
[BlackFideId "13302337"]
[WhiteElo "2533"]
[BlackElo "2447"]
[Result "0-1"]
[Round "04"]
[TimeControl "180+2"]
[Date "2023.05.23"]
[WhiteClock "0:00:01"]
[BlackClock "0:00:08"]

1. d4 Nf6 2. c4 b6 3. f3 e6 4. e4 Bb4+ 5. Bd2 Bxd2+ 6. Qxd2 d6 7. Nc3 Bb7 8. Bd3 e5 9. Nge2 Nc6 10. d5 Ne7 11. h4 h5 12. O-O-O Qd7 13. Ng3 O-O-O 14. Kb1 Kb8 15. Bc2 c5 16. dxc6 Nxc6 17. Nf5 Ne8 18. Ba4 g6 19. Ne3 Qe6 20. Bxc6 Bxc6 21. Ncd5 Nc7 22. Nxc7 Kxc7 23. Qb4 f5 24. Nd5+ Kb7 25. a4 fxe4 26. fxe4 Qg4 27. Rhe1 Bxd5 28. cxd5 a5 29. Qa3 Rhf8 30. Rc1 Rc8 31. Qxd6 Rxc1+ 32. Kxc1 Rc8+ 33. Kb1 Qxg2 34. Qa3 Qc2+ 35. Ka1 Rc4 36. Qe7+ Ka6 37. Re3 Qc1+ 38. Ka2 Qxe3 39. Qe8 Kb7 40. d6 Qxe4 41. Qd7+ Ka6 42. Qb5+ Ka7 43. Ka3 Qc6 44. d7 Qxb5 45. d8=Q Qxa4# 0-1


[Site "https://www.chess.com"]

[Event "Titled Tuesday Blitz May 23 Late 2023"]
[White "Baskakov, Egor"]
[Black "Domingo Nunez, Ruben"]
[WhiteFideId "24197866"]
[BlackFideId "22245570"]
[WhiteElo "2225"]
[BlackElo "2404"]
[Result "1-0"]
[Round "04"]
[TimeControl "180+2"]
[Date "2023.05.23"]
[WhiteClock "0:00:12"]
[BlackClock "0:00:06"]

1. e4 c6 2. d4 d5 3. e5 Bf5 4. Ne2 e6 5. Ng3 Bg6 6. h4 h5 7. Bd3 Bxd3 8. cxd3 g6 9. Nd2 Be7 10. Nf3 Nh6 11. Bg5 Nd7 12. O-O Bxg5 13. Nxg5 Nf5 14. Nxf5 gxf5 15. Qd2 Qb6 16. Qf4 Nf8 17. g3 Ng6 18. Qe3 f4 19. Qd2 Qxd4 20. Nf3 Qb6 21. d4 O-O-O 22. b4 Rhg8 23. a4 fxg3 24. fxg3 Rdf8 25. b5 cxb5 26. Rab1 Qd8 27. Ng5 Qe7 28. Qa5 f6 29. exf6 Qd6 30. Rf3 Rxf6 31. Rc3+ Kb8 32. Qxb5 Qb6 33. Qd3 Qd6 34. Rcb3 Rg7 35. Qb5 Rf8 36. Qc5 Qxc5 37. dxc5 Re8 38. c6 b6 39. a5 Kc7 40. axb6+ axb6 41. Rxb6 Rge7 42. Ra6 Ne5 43. Rb7+ Kd6 44. c7+ Kc5 45. Rb8 Rxc7 46. Rxe8 Kd4 47. Ra4+ Kd3 48. Rxe6 Rc1+ 49. Kg2 Rc2+ 50. Kh3 Ng4 51. Rxg4 hxg4+ 52. Kxg4 d4 53. h5 Re2 54. Rxe2 Kxe2 55. Nf3 1-0


[Site "https://www.chess.com"]

[Event "Titled Tuesday Blitz May 23 Late 2023"]
[White "Bacrot, Etienne"]
[Black "Bernabeu Lopez, Carlos Javier"]
[WhiteFideId "605506"]
[BlackFideId "2235366"]
[WhiteElo "2672"]
[BlackElo "2344"]
[Result "1-0"]
[Round "04"]
[TimeControl "180+2"]
[Date "2023.05.23"]
[WhiteClock "0:01:33"]
[BlackClock "0:01:34"]

1. e4 e5 2. Nf3 Nf6 3. Nc3 Nc6 4. Bb5 Bc5 5. Bxc6 dxc6 6. d3 O-O 7. h3 Nd7 8. O-O Re8 9. Be3 Bd6 10. Ne2 Nf8 11. Ng3 Ng6 12. c3 c5 13. Qc2 b6 14. Rad1 Qe7 15. Rfe1 Qf8 16. Nf5 Ne7 17. Nxd6 cxd6 18. d4 cxd4 19. cxd4 Ng6 20. Qc6 Rb8 21. Bd2 Bb7 22. Qa4 a5 23. dxe5 Nxe5 24. Nxe5 dxe5 25. Be3 Qb4 26. Qxb4 axb4 27. Bxb6 Ra8 28. Rd7 Bc6 29. Rd6 Bb5 30. Bc5 Rxa2 31. Rb6 Bd7 32. Rxb4 Be6 33. Rc1 Rc8 34. Kh2 h5 35. Be3 Rxc1 36. Bxc1 f6 37. Be3 Kh7 38. h4 Kg6 39. Rb7 Bc8 40. Rb8 Ba6 41. Bc5 Bd3 42. f3 Kf7 43. Rb7+ Ke6 44. Re7# 1-0


[Site "https://www.chess.com"]

[Event "Titled Tuesday Blitz May 23 Late 2023"]
[White "Sychev, Klementy"]
[Black "Van Dael, Siem"]
[WhiteFideId "4114060"]
[BlackFideId "1049771"]
[WhiteElo "2583"]
[BlackElo "2336"]
[Result "1-0"]
[Round "04"]
[TimeControl "180+2"]
[Date "2023.05.23"]
[WhiteClock "0:00:03"]
[BlackClock "0:00:04"]

1. e4 d5 2. exd5 Nf6 3. Nf3 Bg4 4. Bb5+ Nbd7 5. h3 a6 6. Be2 Bh5 7. c4 e6 8. dxe6 fxe6 9. Ng5 Bf7 10. Nxf7 Kxf7 11. O-O c5 12. Bf3 Ne5 13. Bxb7 Ra7 14. Bf3 Rd7 15. Qe2 Nd3 16. Nc3 Rd4 17. Qe3 Bd6 18. Ne2 Bf4 19. Nxf4 Nxf4 20. b4 cxb4 21. Bb2 Rxc4 22. Rac1 Rxc1 23. Rxc1 Nd3 24. Bxf6 gxf6 25. Bh5+ Kg7 26. Qg3+ Kh6 27. Rc4 Rg8 28. Qh4 Kg7 29. Rg4+ Kh8 30. Rd4 Qb6 31. Qxf6+ Rg7 32. Rd8+ Qxd8 33. Qxd8+ Rg8 34. Qxd3 Rg7 1-0


[Site "https://www.chess.com"]

[Event "Titled Tuesday Blitz May 23 Late 2023"]
[White "Carlsen, Magnus"]
[Black "Hambleton, Aman"]
[WhiteFideId "1503014"]
[BlackFideId "2606577"]
[WhiteElo "2852"]
[BlackElo "2511"]
[Result "1-0"]
[Round "04"]
[TimeControl "180+2"]
[Date "2023.05.23"]
[WhiteClock "0:02:13"]
[BlackClock "0:00:00"]

1. e4 c5 2. Qh5 Nf6 3. Qxc5 Nxe4 4. Qe3 d5 5. Nf3 a6 6. d4 Bf5 7. Bd3 e6 8. Nc3 Nd6 9. Ne2 Bxd3 10. Qxd3 Nc6 11. c3 Be7 12. O-O O-O 13. Bf4 Rc8 14. Rfe1 Ne4 15. Nd2 Nxd2 16. Qxd2 b5 17. a3 Na5 18. Nc1 Nc4 19. Qe2 a5 20. Nd3 Bd6 21. Bxd6 Qxd6 22. Rab1 Rfe8 23. Qg4 Rc7 24. Re2 Rce7 25. Rbe1 f6 26. f4 g6 27. h4 Qc6 28. h5 Kf7 29. Nc5 a4 30. hxg6+ hxg6 31. Qh3 Kg8 32. Nxe6 Nd6 33. Qh6 1-0


[Site "https://www.chess.com"]

[Event "Titled Tuesday Blitz May 23 Late 2023"]
[White "Naroditsky, Daniel"]
[Black "Hasangatin, Ramil"]
[WhiteFideId "2026961"]
[BlackFideId "4122160"]
[WhiteElo "2633"]
[BlackElo "2279"]
[Result "1-0"]
[Round "04"]
[TimeControl "180+2"]
[Date "2023.05.23"]
[WhiteClock "0:00:15"]
[BlackClock "0:00:00"]

1. e4 d5 2. exd5 Qxd5 3. Nc3 Qd6 4. d4 Nf6 5. Nf3 c6 6. Be3 Bg4 7. h3 Bh5 8. g4 Bg6 9. Ne5 Nbd7 10. f4 e6 11. Bg2 Qb4 12. Nxg6 hxg6 13. Qd2 Nd5 14. Nxd5 Qxd2+ 15. Kxd2 exd5 16. g5 Nb6 17. b3 Nc8 18. c4 dxc4 19. bxc4 Nd6 20. Kd3 Nf5 21. Bf2 O-O-O 22. d5 Bd6 23. Bxa7 Bxf4 24. Rab1 Rhe8 25. Rhe1 cxd5 26. cxd5 Bxg5 27. Bb6 Rxe1 28. Rxe1 Rh8 29. Re2 Kd7 30. Rb2 Nd6 31. Bc5 Bf6 32. Rb6 Be5 33. a4 Ra8 34. Bxd6 Bxd6 35. Rxb7+ Ke8 36. Rb6 Ke7 37. Rb7+ Kf6 38. Rd7 Ke5 39. Rxf7 Rxa4 40. Rxg7 Ra3+ 41. Ke2 Rg3 42. Kf2 Rg5 43. Bf3 Bc5+ 44. Ke2 Kd4 45. h4 Re5+ 46. Kf1 Ke3 47. Kg2 Rf5 48. Rxg6 Bd4 49. Re6+ Kd2 50. h5 Re5 51. Rxe5 Bxe5 52. h6 Ke3 53. h7 Kd4 54. d6 Kc5 55. d7 Bf6 56. d8=Q 1-0


[Site "https://www.chess.com"]

[Event "Titled Tuesday Blitz May 23 Late 2023"]
[White "Tatarinov, Dmitry"]
[Black "Paravyan, David"]
[WhiteFideId "24160067"]
[BlackFideId "4194985"]
[WhiteElo "2326"]
[BlackElo "2563"]
[Result "0-1"]
[Round "04"]
[TimeControl "180+2"]
[Date "2023.05.23"]
[WhiteClock "0:00:15"]
[BlackClock "0:00:28"]

1. c4 c5 2. Nc3 g6 3. g3 Bg7 4. Bg2 Nc6 5. a3 e6 6. Rb1 Nge7 7. b4 cxb4 8. axb4 a5 9. bxa5 Rxa5 10. Nf3 d5 11. cxd5 Nxd5 12. Nxd5 Rxd5 13. O-O O-O 14. d3 Qe7 15. Nd2 Rh5 16. Nc4 b5 17. Bxc6 bxc4 18. dxc4 Rd8 19. Qb3 Bd4 20. Be3 e5 21. Bf3 Rh3 22. Rfd1 Bf5 23. Rbc1 Qc5 24. Bxd4 exd4 25. Qb5 Qc8 26. c5 d3 27. exd3 Bg4 28. Bxg4 Qxg4 29. c6 Rh5 30. c7 Rc8 31. Qb7 Qh3 32. Qg2 Qd7 33. d4 Rxc7 34. Rxc7 Qxc7 35. d5 Qc2 36. Qf3 Rf5 37. Qd3 Qxf2+ 38. Kh1 Rh5 39. h4 Re5 40. Rf1 Qa2 41. Rd1 Re2 42. Qf3 Rf2 43. Qe4 Rh2+ 44. Kg1 Qf2# 0-1


[Site "https://www.chess.com"]

[Event "Titled Tuesday Blitz May 23 Late 2023"]
[White "Makarian, Rudik"]
[Black "Williams, Simon K"]
[WhiteFideId "44105681"]
[BlackFideId "404454"]
[WhiteElo "2461"]
[BlackElo "2468"]
[Result "0-1"]
[Round "04"]
[TimeControl "180+2"]
[Date "2023.05.23"]
[WhiteClock "0:00:00"]
[BlackClock "0:00:22"]

1. d4 e6 2. c4 f5 3. Nf3 Nf6 4. g3 Be7 5. Bg2 O-O 6. O-O d6 7. Nc3 a5 8. Re1 Ne4 9. Qc2 Nc6 10. a3 Nxc3 11. Qxc3 e5 12. d5 Nb8 13. b4 Nd7 14. Bb2 Qe8 15. c5 Nf6 16. Nd2 Qh5 17. cxd6 Bxd6 18. Nc4 f4 19. Nxe5 fxg3 20. hxg3 Bh3 21. Nf3 Rae8 22. Rad1 Re7 23. Rd4 Ng4 24. Rxg4 Bxg4 25. bxa5 Bh3 26. e4 Bxg2 27. Kxg2 Ref7 28. Re3 Bc5 29. Rd3 Bxf2 30. e5 Bd4 31. Qb3 Bxb2 32. d6 Bxe5 33. d7 Bd6 34. Qe6 Qf5 35. Qe8 Qxd3 36. d8=Q Qxf3+ 0-1


[Site "https://www.chess.com"]

[Event "Titled Tuesday Blitz May 23 Late 2023"]
[White "Svane, Frederik"]
[Black "Papasimakopoulos, Alexandros"]
[WhiteFideId "12923044"]
[BlackFideId "4244125"]
[WhiteElo "2502"]
[BlackElo "2359"]
[Result "1/2-1/2"]
[Round "04"]
[TimeControl "180+2"]
[Date "2023.05.23"]
[WhiteClock "0:00:07"]
[BlackClock "0:00:12"]

1. d4 e6 2. Nf3 Nf6 3. Bg5 c5 4. e3 Qb6 5. Qc1 Ne4 6. Bf4 d5 7. c3 Bd7 8. Nbd2 Nxd2 9. Qxd2 Be7 10. a4 Nc6 11. dxc5 Bxc5 12. b4 Be7 13. a5 Qd8 14. Bd3 a6 15. O-O O-O 16. e4 Rc8 17. Rad1 Na7 18. exd5 exd5 19. Nd4 Bf6 20. Bd6 Re8 21. Bc5 Nc6 22. Rfe1 Rxe1+ 23. Rxe1 Nxa5 24. Qa2 Nc4 25. Ne2 Bb5 26. Bd4 h6 27. Bxf6 Qxf6 28. Nd4 Nd6 29. Bxb5 Nxb5 30. Qxd5 Rd8 31. Qxb7 Nxc3 32. Nc6 Rf8 33. Qxa6 Kh8 34. Qc4 Rc8 35. b5 Nxb5 36. Qxb5 Qxc6 37. Qd3 Re8 38. Rd1 Qe6 39. h4 Qe2 40. Qd4 Qe5 41. Qd2 Qe2 42. Qd7 Qe7 43. Qf5 Qe6 44. Qf4 Qe7 45. g3 Kg8 46. Kh2 Qe5 47. Qf3 Qe4 48. Qc3 Qe5 49. Rd4 Qe2 50. Rf4 Qe6 51. Qf3 Rf8 52. h5 Qe7 53. Rf5 Qe6 54. Qf4 Re8 55. Qf3 Qe7 56. Rf4 Qe6 57. Qd3 Rf8 58. Rf5 Qe7 59. Qd5 Rd8 60. Rxf7 Rxd5 61. Rxe7 Rxh5+ 62. Kg2 Rf5 63. Re3 Rf7 64. g4 g6 65. Kg3 Kg7 66. f4 Rd7 67. Kf3 Rc7 68. Rb3 Rd7 69. Rc3 Rb7 70. Rc5 Re7 71. Rd5 Ra7 72. Ke4 Ra4+ 73. Ke5 Ra7 74. Rd6 Kf7 75. Rf6+ Kg7 76. Rc6 Kf7 77. Rf6+ Kg7 78. Rd6 Kf7 79. Rd5 Re7+ 80. Kd4 Re1 81. Rd7+ Kf6 82. Rd6+ Kf7 83. Ra6 h5 84. gxh5 gxh5 85. Rh6 Kg7 86. Rxh5 Kf6 87. Ra5 Re2 88. Kd3 Re1 89. Rb5 Re8 90. Rd5 Re1 91. Kd4 Rd1+ 92. Ke4 Rxd5 93. Kxd5 Kf5 94. Kd4 Kxf4 1/2-1/2


[Site "https://www.chess.com"]

[Event "Titled Tuesday Blitz May 23 Late 2023"]
[White "Klekowski, Maciej"]
[Black "Zakhartsov, Vladimir"]
[WhiteFideId "1132717"]
[BlackFideId "4145097"]
[WhiteElo "2540"]
[BlackElo "2495"]
[Result "0-1"]
[Round "04"]
[TimeControl "180+2"]
[Date "2023.05.23"]
[WhiteClock "0:00:03"]
[BlackClock "0:00:20"]

1. c4 e6 2. Nf3 d5 3. g3 Nf6 4. Bg2 c6 5. O-O Nbd7 6. b3 Bd6 7. Bb2 O-O 8. e3 b6 9. d4 Bb7 10. Qe2 Qe7 11. a4 c5 12. Ne5 Ne4 13. a5 cxd4 14. Nxd7 Qxd7 15. exd4 Nf6 16. Nc3 dxc4 17. Bxb7 Qxb7 18. bxc4 Rac8 19. axb6 axb6 20. Nb5 Bb8 21. Rfd1 Rfe8 22. Rac1 h6 23. Rd3 Nh7 24. h4 Nf6 25. Re3 h5 26. d5 Ng4 27. Re4 e5 28. d6 f5 29. Rxg4 hxg4 30. Rd1 Qd7 31. Rd5 Rc5 32. Rxc5 bxc5 33. Qd2 Qe6 34. Ba3 Qxc4 35. Qa5 Qd5 36. Qb6 f4 37. Qxc5 Qd1+ 38. Kh2 fxg3+ 39. fxg3 Qe2+ 40. Kh1 Rf8 41. Qd5+ Kh8 42. Bc5 Qf1+ 43. Bg1 Qh3+ 44. Bh2 Rf1# 0-1


[Site "https://www.chess.com"]

[Event "Titled Tuesday Blitz May 23 Late 2023"]
[White "Durarbayli, Vasif"]
[Black "Zwirs, Nico"]
[WhiteFideId "13402935"]
[BlackFideId "1036432"]
[WhiteElo "2551"]
[BlackElo "2381"]
[Result "0-1"]
[Round "04"]
[TimeControl "180+2"]
[Date "2023.05.23"]
[WhiteClock "0:00:00"]
[BlackClock "0:00:10"]

1. e4 c5 2. Nf3 d6 3. d4 cxd4 4. Nxd4 Nf6 5. Nc3 Bd7 6. Nb3 g6 7. Be2 Bg7 8. g4 Bc6 9. f3 h5 10. g5 Nfd7 11. Be3 O-O 12. Qd2 a5 13. a3 Na6 14. Bd4 Bxd4 15. Nxd4 Nac5 16. O-O-O Rc8 17. Bc4 Qb6 18. Ba2 Ne5 19. Rhe1 Na4 20. Nxa4 Bxa4 21. Re3 Rc7 22. Rc3 Rfc8 23. Rxc7 Rxc7 24. Qe2 Nc6 25. Bxf7+ Kh7 26. Ne6 Rc8 27. Bxg6+ Kxg6 28. Nf4+ Kh7 29. Qc4 Qe3+ 30. Kb1 Bxc2+ 31. Qxc2 Qxf4 32. e5+ Kg7 33. exd6 exd6 34. h4 Qe5 35. Rd2 Ne7 36. Qd3 Nf5 37. Re2 Qc5 38. Re1 Rc7 39. Qe4 Re7 40. Qxe7+ Nxe7 41. Rxe7+ Kf8 42. Re6 Qc4 43. Rf6+ Ke7 44. f4 Qd3+ 45. Ka2 Qf1 46. f5 Qc4+ 47. Kb1 Qxh4 48. Re6+ Kf7 49. Rf6+ Ke7 50. Re6+ Kd7 51. g6 Qh1+ 52. Ka2 Qd5+ 53. Ka1 Qxf5 54. g7 Qxe6 0-1


[Site "https://www.chess.com"]

[Event "Titled Tuesday Blitz May 23 Late 2023"]
[White "Cordova, Emilio"]
[Black "Ilkhomi, Jaloliddin"]
[WhiteFideId "3801497"]
[BlackFideId "14700948"]
[WhiteElo "2607"]
[BlackElo "2045"]
[Result "1-0"]
[Round "04"]
[TimeControl "180+2"]
[Date "2023.05.23"]
[WhiteClock "0:00:44"]
[BlackClock "0:00:03"]

1. Nf3 Nf6 2. c4 e6 3. Nc3 d5 4. e3 b6 5. cxd5 exd5 6. Ne5 c6 7. d4 Bd6 8. f4 O-O 9. Bd3 c5 10. O-O Bb7 11. Rf3 Ne4 12. Rh3 Nd7 13. Nxd7 Qxd7 14. dxc5 bxc5 15. Qh5 h6 16. Nxd5 f5 17. Bc4 Kh7 18. b3 Be5 19. fxe5 Bxd5 20. Bd3 Bf7 21. Qe2 Rad8 22. Bc2 Qe6 23. Bxe4 fxe4 24. Bb2 Bg6 25. Rg3 Rf5 26. h3 Rdf8 27. Rc1 Qd5 28. Qc4 Qd2 29. Qc2 Rf1+ 30. Kh2 Qd5 31. Qxc5 Qe6 32. Qd6 Qf5 33. Rxf1 1-0


[Site "https://www.chess.com"]

[Event "Titled Tuesday Blitz May 23 Late 2023"]
[White "Keymer, Vincent"]
[Black "Schnaider, Ilan"]
[WhiteFideId "12940690"]
[BlackFideId "169013"]
[WhiteElo "2669"]
[BlackElo "2224"]
[Result "1-0"]
[Round "04"]
[TimeControl "180+2"]
[Date "2023.05.23"]
[WhiteClock "0:00:07"]
[BlackClock "0:00:05"]

1. a3 Nf6 2. Nf3 g6 3. b4 Bg7 4. Bb2 O-O 5. c4 c6 6. e3 d5 7. h3 Re8 8. Be2 Nbd7 9. d4 dxc4 10. Bxc4 Nb6 11. Bb3 a5 12. bxa5 Nbd5 13. O-O Qxa5 14. Nbd2 Bf5 15. Ne5 Be6 16. Ndc4 Qc7 17. Qf3 Nb6 18. Nxb6 Qxb6 19. Bxe6 fxe6 20. Rab1 Qb5 21. Rfe1 Rf8 22. Bc3 Qa6 23. Bb4 Nd5 24. Qg4 Rf6 25. Nd7 Rf5 26. e4 Nf6 27. Nxf6+ Rxf6 28. Bxe7 Rf7 29. Bc5 Re8 30. e5 Qd3 31. Qe2 Qf5 32. Rb3 Bf8 33. Rf3 Qg5 34. Rxf7 Kxf7 35. Bxf8 Kxf8 36. Rb1 Re7 37. Qd3 Rf7 38. g3 Kg7 39. Kg2 h5 40. h4 Qg4 41. f3 Qf5 42. Qxf5 gxf5 43. Kf2 Rd7 44. Ke3 Kf7 45. a4 Ke7 46. Rb4 Kd8 47. Kf4 Kc8 48. g4 hxg4 49. fxg4 Rh7 50. h5 fxg4 51. Kxg4 Rg7+ 52. Kf4 Kc7 53. Rb2 Rf7+ 54. Kg5 Rf5+ 55. Kg6 Rf1 56. Rh2 Rg1+ 57. Kf6 Kd7 58. h6 Rf1+ 59. Kg6 Rg1+ 60. Kh5 Rg8 61. h7 Ra8 62. Kg6 c5 63. dxc5 Kc6 64. h8=Q Rxh8 65. Rxh8 Kxc5 66. Kf6 Kd5 67. Rb8 1-0


[Site "https://www.chess.com"]

[Event "Titled Tuesday Blitz May 23 Late 2023"]
[White "ATM622"]
[Black "Rustemov, Alexander"]
[BlackFideId "4119002"]
[WhiteElo "2572"]
[BlackElo "2859"]
[Result "0-1"]
[Round "04"]
[TimeControl "180+2"]
[Date "2023.05.23"]
[WhiteClock "0:00:51"]
[BlackClock "0:01:28"]

1. d4 d5 2. c4 c6 3. Nf3 Nf6 4. Nbd2 Bf5 5. Nh4 Be4 6. e3 e6 7. Be2 Nbd7 8. O-O Bd6 9. Nhf3 h6 10. b3 O-O 11. Bb2 Qe7 12. Ne5 Bh7 13. f4 Ne4 14. Nxe4 Bxe4 15. Bd3 Nf6 16. Qe2 Bxd3 17. Qxd3 Bxe5 18. fxe5 Ne4 19. Rf4 f6 20. exf6 Rxf6 21. Raf1 Raf8 22. cxd5 exd5 23. Rxf6 Rxf6 24. Rxf6 Qxf6 25. Qf1 Qxf1+ 26. Kxf1 Kf7 27. Ke2 Ke6 28. Kf3 h5 29. h4 Kf5 30. g3 g5 31. Ba1 g4+ 32. Kg2 b5 33. Bb2 b4 34. Bc1 Nc3 35. a3 a5 36. axb4 axb4 37. Kf2 Ke4 38. Bd2 Kd3 39. Be1 Kc2 0-1


[Site "https://www.chess.com"]

[Event "Titled Tuesday Blitz May 23 Late 2023"]
[White "Maksimovic, Bojan"]
[Black "Balla, Tamas-Kristof"]
[WhiteFideId "14408120"]
[BlackFideId "1208497"]
[WhiteElo "2468"]
[BlackElo "2334"]
[Result "1-0"]
[Round "04"]
[TimeControl "180+2"]
[Date "2023.05.23"]
[WhiteClock "0:00:44"]
[BlackClock "0:01:00"]

1. Nf3 c5 2. g3 g6 3. Bg2 Bg7 4. c3 d5 5. d3 Nc6 6. O-O e5 7. e4 d4 8. cxd4 cxd4 9. Bg5 Nge7 10. Na3 h6 11. Bd2 O-O 12. b4 a6 13. b5 axb5 14. Nxb5 Be6 15. a4 Na5 16. Bb4 Qd7 17. Bd6 f6 18. Nh4 Kh7 19. f4 Rfc8 20. Bxe7 Qxe7 21. Nxg6 Kxg6 22. f5+ Kh7 23. fxe6 Qxe6 24. Qh5 Qe8 25. Qxe8 Rxe8 26. Nc7 Nb3 27. Nxe8 Nxa1 28. Nxg7 Rxa4 29. Nh5 Ra3 30. Nxf6+ Kg6 31. Nd7 Ra5 32. Nxe5+ Rxe5 33. Rxa1 Rc5 34. Rb1 b5 35. Rb4 Kf6 36. Rxd4 Rc1+ 37. Bf1 Rb1 38. Rd5 b4 39. Kf2 b3 40. Rb5 b2 41. d4 Ke6 42. e5 Kd7 43. d5 1-0


[Site "https://www.chess.com"]

[Event "Titled Tuesday Blitz May 23 Late 2023"]
[White "Melian, Juan Sebastian"]
[Black "Grischuk, Alexander"]
[WhiteFideId "3706575"]
[BlackFideId "4126025"]
[WhiteElo "2092"]
[BlackElo "2721"]
[Result "0-1"]
[Round "04"]
[TimeControl "180+2"]
[Date "2023.05.23"]
[WhiteClock "0:00:02"]
[BlackClock "0:00:57"]

1. e4 g6 2. d4 Bg7 3. Nc3 d6 4. Be3 a6 5. Nf3 Nf6 6. h3 Nc6 7. Qd2 b5 8. Bd3 e5 9. dxe5 Nxe5 10. Nxe5 dxe5 11. O-O-O O-O 12. Ne2 Be6 13. Kb1 Nd7 14. c3 Qe7 15. f4 exf4 16. Nxf4 Ne5 17. Nd5 Bxd5 18. exd5 Rad8 19. Be2 Rd7 20. Qc2 Rfd8 21. Bd4 Rxd5 22. Bxe5 Qxe5 23. Bf3 Rxd1+ 24. Rxd1 Rxd1+ 25. Qxd1 Bf6 26. Qd3 Kg7 27. Kc2 c5 28. Qe4 Qg3 29. Qe2 c4 30. Bb7 Qd6 31. a3 a5 32. Be4 Qc5 33. Bf3 b4 34. axb4 axb4 35. Qe4 Qb5 36. Qe3 Qa4+ 37. Kc1 Qa1+ 38. Kc2 b3+ 39. Kd2 Qxb2+ 0-1


[Site "https://www.chess.com"]

[Event "Titled Tuesday Blitz May 23 Late 2023"]
[White "Aldokhin, Ivan"]
[Black "Andreikin, Dmitry"]
[WhiteFideId "24115720"]
[BlackFideId "4158814"]
[WhiteElo "2322"]
[BlackElo "2736"]
[Result "0-1"]
[Round "04"]
[TimeControl "180+2"]
[Date "2023.05.23"]
[WhiteClock "0:00:00"]
[BlackClock "0:00:10"]

1. e4 g6 2. d4 Bg7 3. Nc3 c6 4. Bg5 Qb6 5. Nge2 Qxb2 6. Rb1 Qa3 7. Qd2 d6 8. h4 h6 9. Be3 Nf6 10. f3 Nbd7 11. g4 Nb6 12. Ng3 Be6 13. h5 g5 14. Nf5 Bxf5 15. gxf5 Qa5 16. Bd3 Nfd7 17. O-O Rc8 18. Rb3 a6 19. Qc1 Na8 20. Ne2 b5 21. c4 c5 22. cxb5 O-O 23. Qa3 Qd8 24. Rc1 Nab6 25. dxc5 Nxc5 26. Bxc5 dxc5 27. Bc4 Nxc4 28. Rxc4 axb5 29. Rxb5 Qd1+ 30. Kf2 Qh1 31. Qb3 Rfd8 32. Ke3 Qe1 33. Rbxc5 Rxc5 34. Rxc5 Bd4+ 35. Kd3 Bxc5+ 0-1


[Site "https://www.chess.com"]